 Dungeon Crawl Stone Soup version 0.25-a0-781-gc44aebf4fe (webtiles) character file.

Game seed: 3694910343558421393, levelgen mode: deterministic

11938 15rune the Thrower (level 11, -3/91 HPs)
             Began as an Ogre Hunter on Apr 16, 2020.
             Was a High Priest of Hepliaklqana.
             Slain by Bapho's ghost (23 damage)
             ... on level 2 of the Lair of Beasts.
             The game lasted 00:42:31 (14841 turns).

15rune the Thrower (Ogre Hunter)                   Turns: 14841, Time: 00:42:32

Health: -3/91      AC:  5    Str: 24    XL:     11   Next: 85%
Magic:  11/18      EV: 10    Int: 12    God:    Hepliaklqana [*****.]
Gold:   426        SH:  0    Dex:  9    Spells: 17/20 levels left

rFire    . . .     SeeInvis .   v - +4 whip (flame)
rCold    + . .     Gourm    .   (no shield)
rNeg     + . .     Faith    +   b - +0 robe
rPois    +         Spirit   .   (helmet restricted)
rElec    .         Reflect  .   i - +1 cloak
rCorr    .         Harm     .   (gloves unavailable)
MR       +....                  (boots unavailable)
Stlth    +.........             s - amulet of faith
HPRegen  0.25/turn              C - ring of Conversion {rC+ rN+ Str+3}
MPRegen  0.16/turn              y - ring of poison resistance

@: lethally poisoned (-3 -> -15), frozen, very slow
A: large, unfitting armour, reduced essence, tough skin 1
a: Recall Ancestor, Ancestor Identity, Transference, Idealise, Renounce Religion


You were on level 2 of the Lair of Beasts.
You worshipped Hepliaklqana.
Hepliaklqana was extremely pleased with you.
You were not hungry.

You visited 3 branches of the dungeon, and saw 14 of its levels.
You also visited: Sewer.

You collected 715 gold pieces.
You spent 289 gold pieces at shops.

Inventory:

Hand Weapons
 e - a +0 dagger of draining
 v - a +4 whip of flaming (weapon)
Missiles
 c - 6 large rocks (quivered)
 d - a throwing net
 t - 3 silver boomerangs
 u - a boomerang
 P - 4 javelins
 T - 67 stones
Armour
 b - a +0 robe (worn)
 i - a +1 cloak (worn)
Jewellery
 p - a +2 ring of dexterity
 s - an amulet of faith (around neck)
 y - a ring of poison resistance (right hand)
 C - the ring of Conversion (left hand) {rC+ rN+ Str+3}
   (You found it on level 6 of the Dungeon)

   [ring of protection from cold]

   It affects your strength (+3).
   It protects you from cold.
   It protects you from negative energy.
 X - a cursed -2 ring of intelligence {unknown}
Wands
 j - a wand of digging (4)
 A - a wand of paralysis (8)
 J - a wand of flame (18)
 K - a wand of disintegration (20)
 R - a wand of random effects (19)
Scrolls
 h - a scroll of fear
 k - a scroll of noise {unknown}
 n - 3 scrolls of immolation
 o - 2 scrolls of fog
 r - a scroll of blinking {unknown}
 w - 2 scrolls of magic mapping {unknown}
 B - 2 scrolls of teleportation {unknown}
 E - 4 scrolls of remove curse
 G - a scroll of enchant weapon {unknown}
 H - a scroll of silence {unknown}
 N - a scroll of enchant armour {unknown}
 O - a scroll of random uselessness {unknown}
 Q - a scroll of summoning {unknown}
 U - a scroll of torment {unknown}
 V - 2 scrolls of identify
Potions
 a - 7 potions of flight
 g - 11 potions of curing
 l - 2 potions of might
 m - a potion of heal wounds
 q - 2 potions of mutation {unknown}
 x - 2 potions of berserk rage
 z - a potion of magic {unknown}
 D - a potion of lignification {unknown}
 F - 2 potions of brilliance {unknown}
 I - 3 potions of haste
 L - a potion of ambrosia
 M - 2 potions of stabbing {unknown}
 S - a potion of resistance {unknown}
Comestibles
 f - 27 rations
 W - 4 chunks of flesh


   Skills:
 - Level 5.0 Fighting
 * Level 13.6 Throwing
 - Level 1.7 Dodging
 - Level 0.6 Stealth
 - Level 5.0 Spellcasting
 - Level 5.0 Conjurations
 - Level 5.0 Air Magic
 - Level 5.0 Poison Magic
 + Level 6.1 Invocations


You had 17 spell levels left.
You knew the following spells:

 Your Spells              Type           Power        Failure   Level  Hunger
a - Mephitic Cloud        Conj/Pois/Air  ###.....     8%          3    ###....

Your spell library contained the following spells:

 Spells                   Type           Power        Failure   Level  Hunger
 Poisonous Vapours        Pois/Air       ###...       3%          2    ##.....
 Conjure Flame            Conj/Fire      #.......     22%         3    ###....
 Freezing Cloud           Conj/Ice/Air   ##........   100%        6    #######
 Ring of Flames           Chrm/Fire      #.........   100%        7    #######


Dungeon Overview and Level Annotations

Branches:
Dungeon (11/15)            Temple (1/1) D:7            Lair (1/6) D:8
    Orc (0/2) D:10          Sewer (visited)

Altars:
Ashenzari
Cheibriados
Dithmenos
Elyvilon
Fedhas
Gozag
Hepliaklqana
Kikubaaqudgha
Makhleb
Nemelex Xobeh
Okawaru
Qazlal
Ru
Sif Muna
Trog
Uskayaw
Vehumet
Wu Jian
Xom
Yredelemnul
Zin
The Shining One
Beogh
Lugonu

Shops:
D:9 !

Annotations:
Lair:2 Bapho's ghost, journeyman MiBe


Innate Abilities, Weirdness & Mutations

You are too large for most types of armour.
You have tough skin. (AC +1)
Your life essence is reduced to manifest your ancestor. (-10% HP)


Message History

You feel much better.
Sacura hits Bapho's ghost with a +0 quarterstaff!
Bapho's ghost hits you!
* * * LOW HITPOINT WARNING * * *
A rime drake comes into view.
Okay, then.
You feel much better.
Sacura hits Bapho's ghost with a +0 quarterstaff!!!
Bapho's ghost hits you!
* * * LOW HITPOINT WARNING * * *
You are poisoned.
As you read the scroll of fear, it crumbles to dust.
You assume a fearsome visage.
The rime drake looks frightened! x2
The water moccasin simulacrum is unaffected.
Bapho's ghost is unaffected.
Sacura is unaffected.
You feel sick.
Sacura hits Bapho's ghost with a +0 quarterstaff.
Bapho's ghost hits you!!
You die...

.#. .# .#.. .(# #..# #..#
..##..## ##.k(#
#..#...####Zk..#
#P.##..........#
#..#.........# . ##
#.##?.@.R..## .
.#.###..###'W'###... .
...# #.............. ...
#.####.............
#...###.........#.....P..
...............##.##.....
..................# .#..%
...###.............P ....
#..P##....>..>. ....


You could see the friendly Sacura the battlemage, 2 rime drakes, Bapho's ghost
and a water moccasin simulacrum.

Vanquished Creatures
  A death yak (D:8)
  A komodo dragon (D:10)
  A spiny frog (Lair:2)
  The ghost of vlindergert the Shield-Bearer, an amateur MiFi (D:4)
  2 trolls
  3 hippogriffs (D:10)
  7 yaks
  A hungry ghost (D:10)
  A two-headed ogre zombie (D:10)
  2 sky beasts
  A black bear (D:11)
  2 orc warriors (D:11)
  2 phantoms
  4 centaurs
  5 ogres
  2 big kobolds
  9 bullfrogs
  2 scorpions
  A troll zombie (D:10)
  6 electric eels (D:11)
  5 crimson imps
  A bullfrog zombie (D:6)
  A centaur zombie (D:7)
  4 hounds
  2 centaur skeletons
  8 orc priests
  A jelly (D:7)
  An iguana (D:6)
  3 orc wizards
  A hell rat (D:8)
  7 worker ants
  5 ogre zombies (D:10)
  A porcupine simulacrum (Lair:2)
  2 worker ant zombies
  A gnoll (D:4)
  5 adders
  2 river rats
  2 shadow imps (D:10)
  7 worms
  2 leopard geckos
  30 orcs
  2 giant cockroaches (D:3)
  9 goblins
  3 hobgoblins
  18 jackals
  14 kobolds
  3 quokkas
  A ball python (D:5)
  6 bats
  A goblin skeleton (D:10)
  2 goblin zombies (D:10)
  2 hobgoblin skeletons (D:10)
  5 hobgoblin zombies (D:10)
  A jackal skeleton (D:7)
  A jackal zombie (D:9)
  3 leopard gecko skeletons
  4 orc skeletons (D:10)
  9 orc zombies (D:10)
  11 rats
240 creatures vanquished.

Vanquished Creatures (collateral kills)
  2 death yaks
  Joseph (D:7)
  A troll (D:9)
  A hippogriff (Lair:1)
  3 hungry ghosts
  A porcupine (D:8)
  A black bear (D:9)
  An ice beast (D:5)
  2 orc warriors
  An eye of draining (D:10)
  A sky beast (D:5)
  A big kobold (D:10)
  4 bullfrogs
  A scorpion (D:4)
  A water moccasin skeleton (D:8)
  3 killer bees (D:11)
  3 electric eels (D:11)
  A howler monkey (D:4)
  A crimson imp (D:10)
  An orc priest (D:11)
  A jelly (D:6)
  2 iguanas
  2 hounds
  A gnoll shaman (D:4)
  6 orc wizards
  2 worker ants
  An ogre zombie (D:10)
  4 howler monkey skeletons
  3 gnolls (D:4)
  9 adders
  An adder zombie (D:8)
  2 adder skeletons
  2 leopard geckos
  14 orcs
  2 goblins (D:4)
  A hobgoblin (D:3)
  7 jackals
  A bat (D:2)
  A frilled lizard (D:3)
  A jackal skeleton (D:4)
  7 kobolds
  2 leopard gecko skeletons
  A leopard gecko zombie (D:5)
  2 orc zombies (D:10)
  A rat (D:8)
  2 demonic plants (Temple)
109 creatures vanquished.

Vanquished Creatures (others)
  12 battlemagi
  2 ancestors
14 creatures vanquished.

Grand Total: 363 creatures vanquished

Notes
Turn   | Place    | Note
-------+----------+-------------------------------------------
     0 | D:1      | 15rune the Ogre Hunter began the quest for the Orb.
     0 | D:1      | Reached XP level 1. HP: 22/22 MP: 1/1
   128 | D:1      | Reached XP level 2. HP: 10/31 MP: 2/2
   951 | D:2      | Found a faded altar of an unknown god.
   969 | D:2      | Reached XP level 3. HP: 26/37 MP: 3/3
   974 | D:2      | Became a worshipper of Hepliaklqana the Forgotten
   974 | D:2      | Reached * piety under Hepliaklqana
  2230 | D:3      | Reached skill level 5 in Throwing
  2305 | D:3      | Reached XP level 4. HP: 43/43 MP: 4/4
  3019 | D:4      | Reached XP level 5. HP: 43/49 MP: 5/5
  3107 | D:4      | Reached ** piety under Hepliaklqana
  3108 | D:4      | Remembered your ancestor Sacura as a battlemage
  3135 | D:4      | Reached skill level 6 in Throwing
  3143 | D:4      | Reached skill level 5 in Fighting
  3143 | D:4      | Reached XP level 6. HP: 46/59 MP: 6/6
  3299 | D:4      | Found an iron altar of Okawaru.
  3453 | D:4      | Found a shadowy altar of Dithmenos.
  3469 | D:4      | Reached skill level 7 in Throwing
  3761 | D:4      | Found a runed translucent gate.
  3762 | D:4      | Found a runed translucent gate.
  3762 | D:4      | Identified the +6 hunting sling of Analysis {venom, Str+3}
  3763 | D:4      | Found a runed translucent gate.
  3765 | D:4      | Noticed vlindergert's ghost (amateur MiFi)
  3769 | D:4      | Found a roughly hewn altar of Beogh.
  3893 | D:4      | Reached XP level 7. HP: 56/64 MP: 2/7
  3953 | D:4      | Killed vlindergert's ghost
  3953 | D:4      | Reached skill level 8 in Throwing
  4249 | D:5      | Entered Level 5 of the Dungeon
  4437 | D:5      | Reached skill level 9 in Throwing
  4476 | D:5      | Reached XP level 8. HP: 47/72 MP: 8/8
  4611 | D:5      | Found a glowing drain.
  4678 | Sewer    | Entered a sewer
  4982 | Sewer    | Found a white marble altar of Elyvilon.
  5286 | D:5      | Reached skill level 10 in Throwing
  5302 | D:5      | Learned a level 3 spell: Mephitic Cloud
  5400 | D:5      | Reached skill level 1 in Conjurations
  5400 | D:5      | Reached skill level 1 in Air Magic
  5400 | D:5      | Reached skill level 1 in Poison Magic
  5512 | D:5      | Found a shimmering blue altar of Sif Muna.
  5615 | D:5      | Found a glowing golden altar of the Shining One.
  5664 | D:6      | Reached *** piety under Hepliaklqana
  5893 | D:6      | Reached XP level 9. HP: 59/79 MP: 9/9
  6181 | D:6      | Found a blossoming altar of Fedhas.
  6997 | D:6      | Got a wavering lead ring
  7010 | D:6      | Found a sparkling altar of Nemelex Xobeh.
  7080 | D:7      | Reached skill level 11 in Throwing
  7116 | D:7      | Noticed Joseph
  7131 | D:7      | Killed Joseph
  7469 | D:7      | Found a staircase to the Ecumenical Temple.
  7623 | D:7      | Found a hide-covered altar of Uskayaw.
  7628 | D:7      | Reached **** piety under Hepliaklqana
  7711 | D:7      | Found an ancient bone altar of Kikubaaqudgha.
  7830 | D:7      | Reached XP level 10. HP: 81/86 MP: 9/11
  7876 | D:7      | Reached skill level 1 in Spellcasting
  7876 | D:7      | Reached skill level 1 in Invocations
  8128 | D:8      | Noticed a death yak
  8190 | D:8      | Noticed a death yak
  8190 | D:8      | Noticed a death yak
  8283 | D:7      | Killed a death yak
  8528 | Temple   | Entered the Ecumenical Temple
  8640 | D:8      | Killed a death yak
  8948 | D:8      | Killed a death yak
  8948 | D:8      | Reached skill level 12 in Throwing
  9059 | D:8      | Identified the ring of Conversion {rC+ rN+ Str+3} (You
                  | found it on level 6 of the Dungeon)
  9359 | D:8      | Found a stormy altar of Qazlal.
  9471 | D:8      | Found a staircase to the Lair.
  9738 | D:8      | Found a snail-covered altar of Cheibriados.
  9838 | D:9      | Found Viffo's Distillery.
  9852 | D:9      | Bought a potion of might for 68 gold pieces
  9852 | D:9      | Bought a potion of heal wounds for 85 gold pieces
  9852 | D:9      | Bought a potion of ambrosia for 136 gold pieces
  9864 | D:9      | Reached XP level 11. HP: 91/91 MP: 16/16
  9866 | D:9      | Found a burning altar of Makhleb.
 10227 | D:9      | Found a radiant altar of Vehumet.
 10231 | D:9      | Found a white marble altar of Elyvilon.
 10242 | D:9      | Got a polished buckler
 10456 | D:10     | Entered Level 10 of the Dungeon
 10506 | D:10     | Reached skill level 5 in Conjurations
 10918 | D:10     | Reached skill level 5 in Poison Magic
 10935 | D:10     | Reached skill level 5 in Air Magic
 11275 | D:10     | Found a staircase to the Orcish Mines.
 11471 | D:10     | Reached ***** piety under Hepliaklqana
 11502 | D:10     | Reached skill level 13 in Throwing
 11502 | D:10     | Reached skill level 5 in Spellcasting
 11879 | D:11     | Reached skill level 5 in Invocations
 14687 | Lair:1   | Entered Level 1 of the Lair of Beasts
 14744 | Lair:1   | You fall into a shaft and drop 1 floor!
 14744 | Lair:2   | Found a runed translucent gate.
 14744 | Lair:2   | Found a runed translucent gate.
 14771 | Lair:2   | Found a runed translucent gate.
 14828 | Lair:2   | Noticed Bapho's ghost (journeyman MiBe)
 14841 | Lair:2   | Slain by Bapho's ghost

Levels and vault maps discovered:
D:1:      sevenhm_arrival_forest_fort_small_4, layout_rooms
D:2:      layout_basic, chequers_ecumenical_altar_simple_redux
D:3:      layout_loops_ring, first_ration
D:4:      layout_basic, kennysheep_okawaru_gauntlet, old_standard_altar,
          biasface_ghost_orc_armoury
D:5:      layout_basic, nicolae_overflow_hidden_temple, lemuel_doored_altar,
          portal_sewer_entry_e, minmay_checkerbox
D:6:      layout_gridville, lemuel_coloured_pillars_altar, old_standard_altar
D:7:      layout_basic, kennysheep_mini_moat, kennysheep_mini, temple_fountains,
          uniq_joseph
D:8:      layout_loops_ring, lemuel_crystal_altar, kennysheep_little_box,
          dpeg_lair_monsters
D:9:      layout_long_grid, lemuel_crystal_altar,
          chequers_temple_overflow_statue_of_worship, serial_shops,
          nicolae_shop_competitors_out_of_business
D:10:     layout_loops_ring, zombieorc2_lemuel
D:11:     layout_basic
Temple:   corrupted_temple
Lair:1:   layout_misc_corridors
Lair:2:   beast_lair_carwin_large_2, layout_gridlike, gammafunk_ghost_icy,
          uniq_urug

Skill      XL: |  1  2  3  4  5  6  7  8  9 10 11 |
---------------+----------------------------------+-----
Fighting       | 3 4 5 |  5.0
Throwing       | 5 6 7 9 10 11 12 13 | 13.6
Conjurations   | 1 3 4 5 |  5.0
Air Magic      | 1 3 4 5 |  5.0
Poison Magic   | 1 3 4 5 |  5.0
Spellcasting   | 3 5 |  5.0
Invocations    | 3 6 |  6.1
Dodging        | |  1.7
Stealth        | |  0.6

Action                   |  1- 3 |  4- 6 |  7- 9 | 10-12 || total
-------------------------+-------+-------+-------+-------++-------
Melee: Short sword       |     9 |       |       |       ||     9
       Dagger            |    77 |    97 |     5 |       ||   179
       Whip              |       |       |    41 |    33 ||    74
Throw: Large rock        |    20 |    14 |     5 |    43 ||    82
       Boomerang         |       |       |   221 |   310 ||   531
       Throwing net      |       |       |       |     5 ||     5
       Stone             |       |       |       |    46 ||    46
       Javelin           |       |       |       |    23 ||    23
 Cast: Mephitic Cloud    |       |       |       |     1 ||     1
Invok: Ancestor Identity |     1 |       |       |       ||     1
       Ancestor Life: Ba |       |     1 |       |       ||     1
       Recall Ancestor   |       |     3 |       |    12 ||    15
       Idealise          |       |       |       |     3 ||     3
  Use: Scroll            |       |       |     5 |     6 ||    11
       Potion            |       |       |       |     4 ||     4
 Stab: Distracted        |       |     1 |       |       ||     1
  Eat: Chunk             |     4 |     5 |    12 |    19 ||    40
       Ration            |       |       |       |     1 ||     1
Armor: Robe              |    28 |    23 |    18 |    29 ||    98
Dodge: Dodged            |    54 |    59 |    45 |    73 ||   231

Table legend:
 A = Non-vault XP
 B = Vault XP
 C = Vault XP percentage of total XP
 D = Non-vault monster count
 E = Vault monster count
 F = Vault count percentage of total count
                 A         B        C        D         E       F
            +---------+---------+-------+---------+---------+-------
      Total |   12322 |    4733 |  27.8 |     273 |      74 |  21.3
            +---------+---------+-------+---------+---------+-------
        D:1 |      17 |       0 |   0.0 |      10 |       0 |   0.0
        D:2 |      32 |       0 |   0.0 |      15 |       0 |   0.0
        D:3 |      86 |       0 |   0.0 |      25 |       0 |   0.0
        D:4 |     465 |     421 |  47.5 |      30 |      13 |  30.2
        D:5 |    1032 |      34 |   3.2 |      30 |       2 |   6.2
        D:6 |     945 |       0 |   0.0 |      18 |       0 |   0.0
        D:7 |    1199 |    1307 |  52.2 |      32 |       2 |   5.9
        D:8 |     760 |    1907 |  71.5 |      17 |      10 |  37.0
        D:9 |    1238 |       0 |   0.0 |      21 |       0 |   0.0
       D:10 |    3204 |     921 |  22.3 |      35 |      36 |  50.7
       D:11 |    2720 |       0 |   0.0 |      38 |       0 |   0.0
     Lair:1 |     235 |       0 |   0.0 |       1 |       0 |   0.0
     Lair:2 |     389 |      19 |   4.7 |       1 |       1 |  50.0
      Sewer |       0 |     124 | 100.0 |       0 |      10 | 100.0
            +---------+---------+-------+---------+---------+-------
